 Seeded DCSS version 0.28-a0-631-g0446da8ef9 (webtiles) character file.

Game seed: 20211010 (custom seed)

23 a11behringer the Cudgeller (level 2, 0/37 HPs)
             Began as a Palentonga Berserker on Oct 10, 2021.
             Was a Follower of Trog.
             Slain by Robin (1 damage)
             ... on level 2 of the Dungeon.
             The game lasted 00:02:58 (860 turns).

a11behringer the Cudgeller (Palentonga Berserker)    Turns: 860, Time: 00:02:58

Health: 0/37       AC:  4    Str: 20    XL:     2   Next: 72%
Magic:  2/2        EV:  9    Int:  7    God:    Trog [*.....]
Gold:   84         SH:  0    Dex:  9    Spells: 1/1 levels left

rFire   . . .      SeeInvis +   a - +0 mace
rCold   . . .      Faith    .   (no shield)
rNeg    . . .      Spirit   .   b - +0 animal skin
rPois   .          Reflect  .   (no helmet)
rElec   .          Harm     .   (no cloak)
rCorr   .          Rampage  .   (no gloves)
Will    .....                   (no barding)
Stlth   ..........              (no amulet)
HPRegen 0.12/turn               (no ring)
MPRegen 0.08/turn               (no ring)

@: berserking, very quick
A: large, rugged brown scales 3, see invisible, deformed body, roll 1, armoured
tail
a: Rolling Charge, Renounce Religion, Berserk


You were on level 2 of the Dungeon.
You worshipped Trog.
Trog was aware of your devotion.
You visited 1 branch of the dungeon, and saw 2 of its levels.

You collected 84 gold pieces.

Inventory:

Hand Weapons
 a - a +0 mace (weapon)
Armour
 b - a +0 animal skin (worn)
Scrolls
 e - a scroll of amnesia {unknown}
 f - a scroll of enchant armour {unknown}
 g - a scroll of teleportation {unknown}
 h - a scroll of identify {unknown}
Potions
 c - 2 potions of curing {unknown}
 d - a potion of flight {unknown}


   Skills:
 + Level 3.2 Fighting
 * Level 3.7 Maces & Flails
 + Level 1.7 Armour
 + Level 1.7 Dodging


You had one spell level left.
You didn't know any spells.
Your spell library was empty.

Dungeon Overview and Level Annotations

Branches:
Dungeon (2/15)

Altars:

Annotations:
D:2 Robin


Innate Abilities, Weirdness & Mutations

You are completely covered in rugged brown scales. (AC +3, +7% HP)
You have supernaturally acute eyesight. (SInv)
Armour fits poorly on your strangely shaped body.
You can roll at nearby foes to attack.
You have a long armoured tail.


Message History

Robin shouts!
You hear a shout! x3
Robin roars a battlecry!
The goblins go into a battle-frenzy!
Roll where?
Press: ? - help, Dir - move target, f - hobgoblin
Aim: a hobgoblin (strong)
You roll forward with a clatter of scales!
You sock the hobgoblin!
You kill the hobgoblin!
Trog accepts your kill.
You hear a shout! x2
Robin throws the goblin at you! The goblin hits you with a dagger.
The goblin hits you with a +0 club.
A red film seems to cover your vision as you go berserk!
You feel yourself moving faster!
You feel mighty! The goblin hits you with a +0 dagger.
The goblin hits you with a +0 club.
You closely miss the goblin. The goblin completely misses you.
You thump the goblin!
You kill the goblin!
Trog accepts your kill. The goblin hits you but does no damage.
A goblin comes into view. It is wielding a +0 club.
Found a club.
The goblin shouts!
The goblin hits you with a +0 short sword.
The goblin hits you with a +0 dagger.
* * * LOW HITPOINT WARNING * * *
A hobgoblin comes into view.
Things that are here:
a +0 club; a hobgoblin corpse You sock Robin!
Your tail-slap misses Robin.
Robin is heavily wounded.
A hobgoblin comes into view.
The goblin hits you with a +0 short sword.
* * * LOW HITPOINT WARNING * * *
The goblin hits you but does no damage.
Robin hits you with a +2 short sword of freezing.
* * * LOW HITPOINT WARNING * * *
Robin freezes you.
You die...

###. .. ###... #.
####...## g.
##......†. #.
###..###.### #.
#...##...# #g
###.#....###
##.###g####...#.####
).....g@g.......#
.#.###g###g###### #.
#..# #.#..## ....#
..## ... ...


You could see Robin, 2 hobgoblins and 4 goblins.

Vanquished Creatures
  2 dart slugs (D:1)
  A bat (D:1)
  An endoplasm (D:1)
  A giant cockroach (D:1)
  A goblin (D:2)
  5 hobgoblins (D:2)
  A kobold (D:1)
  A ball python (D:1)
  2 frilled lizards
  2 rats (D:1)
17 creatures vanquished.

Notes
Turn   | Place    | Note
-------+----------+-------------------------------------------
     0 | D:1      | a11behringer the Palentonga Berserker began the quest for
                  | the Orb.
     0 | D:1      | Reached XP level 1. HP: 19/19 MP: 1/1
   436 | D:1      | Reached XP level 2. HP: 24/25 MP: 2/2
   715 | D:1      | Found a faded altar of an unknown god.
   851 | D:2      | Noticed Robin
   860 | D:2      | HP: 1/37 [Robin (3)]
   860 | D:2      | Slain by Robin

Illustrated notes

Levels and vault maps discovered:
D:1:      lightli_arrival_boilingwater, layout_loops_ring,
          shapermc_ecumenical_altar_hornbeckon
D:2:      layout_rooms, basic_altar, uniq_robin, uniq_sigmund

Action                   || total
-------------------------++-------
Melee: Mace              ||    41
       Tailslap          ||     4
Invok: Berserk           ||     1
 Abil: Rolling Charge    ||     1
 Stab: Sleeping          ||     3
Armor: Animal skin       ||    18
Dodge: Dodged            ||    26

Table legend: (Time is in decaauts)
 A = Elapsed time spent in this place.
 B = Non-inter-level travel time spent in this place.
 C = Inter-level travel time spent in this place.
 D = Time resting spent in this place.
 E = Time spent auto-exploring this place.
 F = Levels seen in this place.
 G = Mean time per level.
                   A        B        C        D        E       F      G
               +--------+--------+--------+--------+--------+-----+--------+
         Total |    880 |    827 |     53 |      0 |    698 |   2 |  440.0 |
       Dungeon |    880 |    827 |     53 |      0 |    698 |   2 |  440.0 |
               +--------+--------+--------+--------+--------+-----+--------+

Top non-repeatable levels by time:
     D:1: 774 daAuts
     D:2: 105 daAuts
